 Dungeon Crawl Stone Soup version 0.23-a0-644-gb60d84b (webtiles) character file.

158 TheGoonsmith the Skirmisher (level 5, -10/42 HPs)
             Began as a Formicid Abyssal Knight on Jan 1, 2019.
             Was a Believer of Lugonu.
             Mangled by an ogre
             ... wielding a cursed +0 giant club
              (20 damage)
             ... on level 3 of the Dungeon.
             The game lasted 00:04:23 (2750 turns).

TheGoonsmith the Skirmisher (FoAK)                  Turns: 2750, Time: 00:04:24

Health: -10/42     AC:  6    Str: 17    XL:     5   Next: 67%
Magic:  6/6        EV:  9    Int: 12    God:    Lugonu [**....]
Gold:   171        SH:  3    Dex: 10    Spells: 4/4 levels left

rFire    . . .     SeeInvis +   a - +1 hand axe
rCold    . . .     Gourm    .   q - +0 buckler
rNeg     . . .     Faith    .   k - +0 scale mail
rPois    .         Spirit   .   (helmet unavailable)
rElec    .         Reflect  .   (no cloak)
rCorr    .         Harm     .   (no gloves)
MR       .....                  (no boots)
Stlth    ..........             (no amulet)
HPRegen  0.14/turn              (no ring)
MPRegen  0.10/turn              (no ring)

@: no status effects
A: permanent stasis, dig shafts and tunnels, four strong arms, antennae 3
a: Dig, Shaft Self, Depart the Abyss, Bend Space, Renounce Religion


You were on level 3 of the Dungeon.
You worshipped Lugonu.
Lugonu was pleased with you.
You were not hungry.

You visited 1 branch of the dungeon, and saw 3 of its levels.
You visited the Abyss 1 time.

You collected 171 gold pieces.

Inventory:

Hand Weapons
 a - a +1 hand axe (weapon)
 b - a +1 hunting sling of freezing
Missiles
 e - 64 stones (quivered)
 o - 28 sling bullets
Armour
 k - a +0 scale mail (worn)
 m - a +0 leather armour
 q - a +0 buckler (worn)
Jewellery
 s - a +1 ring of evasion {unknown}
Wands
 t - a wand of flame (8)
Scrolls
 d - a scroll of fear {unknown}
 g - 2 scrolls of identify {unknown}
 i - 2 scrolls of enchant weapon {unknown}
 j - 2 scrolls of teleportation {unknown}
 l - 5 scrolls of remove curse {unknown}
 u - a scroll of immolation {unknown}
Potions
 f - a potion of heal wounds
 h - 2 potions of lignification {unknown}
 n - 2 potions of cancellation {unknown}
 p - a potion of brilliance {unknown}
 r - a potion of invisibility {unknown}
Comestibles
 c - 4 rations


   Skills:
 + Level 4.1 Fighting
 * Level 3.8 Axes
 + Level 1.2 Slings
 + Level 3.2 Armour
 - Level 0.8 Dodging
 + Level 1.2 Shields
 - Level 2.1 Invocations


You had 4 spell levels left.
You didn't know any spells.
Your spell library was empty.

Dungeon Overview and Level Annotations

Branches:
Dungeon (3/15)

Altars:
Yredelemnul


Innate Abilities, Weirdness & Mutations

You cannot be hasted, slowed, berserked, paralysed or teleported.
You can dig through walls and to a lower floor.
Your four strong arms can wield two-handed weapons with a shield.
You have a pair of large antennae on your head. (SInv)


Message History

You shoot a stone. The stone hits the ogre.
The stone freezes the ogre.
The ogre is heavily wounded.
Firing (i - inventory. (/) - cycle)
e - 65 stones (quivered)
Press: ? - help, Shift-Dir - straight line, f/p - ogre
Aim: an ogre, wielding a +0 giant club (heavily wounded)
You shoot a stone. The stone hits the ogre.
The stone freezes the ogre.
The ogre is severely wounded.
The ogre hits you with a cursed +0 giant club!
Your +1 hunting sling of freezing stops glowing.
a - a +1 hand axe (weapon)
You completely miss the ogre.
The ogre is severely wounded.
The ogre hits you with a cursed +0 giant club!!
* * * LOW HITPOINT WARNING * * *
You are too injured to fight recklessly!
You are too injured to fight recklessly!
You completely miss the ogre.
The ogre is severely wounded.
The ogre hits you with a cursed +0 giant club!!
You die...

#.#
#.#...#.#.........#
#.#
#.#...#.#.#.#..#..#
### #.#
#.................#
#.. #.#
#########.##......#
#.. ##
#.##.#.#.#####..
#.#
#......#...†....
#.#
####.###########
##.###.#####.#
....(((@.....#
##.###O#####.# #S#
#.# #(. ... #. ##.#
(. .# .( .# #.! .#


You could see an ogre and an adder.

Vanquished Creatures
  An orc wizard (D:3)
  Ijyb (D:2)
  A gnoll (D:1)
  An adder (D:3)
  3 oozes
  4 worms
  2 dart slugs (D:1)
  4 leopard geckos
  4 orcs (D:3)
  2 giant cockroaches (D:1)
  3 goblins
  6 hobgoblins
  7 kobolds
  A quokka (D:2)
  3 bats
  4 frilled lizards
  5 rats
52 creatures vanquished.

Notes
Turn   | Place    | Note
-------+----------+-------------------------------------------
     0 | Abyss:1  | TheGoonsmith the Formicid Abyssal Knight began the quest
                  | for the Orb.
     0 | Abyss:1  | Reached XP level 1. HP: 18/18 MP: 2/2
    23 | Abyss:1  | Noticed a large abomination
    66 | Abyss:1  | Noticed a smoke demon
    88 | Abyss:1  | Noticed a small abomination
    92 | D:1      | Escaped the Abyss
   150 | D:1      | Reached * piety under Lugonu
   150 | D:1      | Reached XP level 2. HP: 22/24 MP: 3/3
   450 | D:1      | You fall through a shaft!
   524 | D:1      | Reached XP level 3. HP: 26/29 MP: 4/4
   971 | D:1      | Reached XP level 4. HP: 37/37 MP: 5/5
  1656 | D:2      | Found a basalt altar of Yredelemnul.
  2129 | D:3      | Noticed Ijyb
  2145 | D:2      | Killed Ijyb
  2145 | D:2      | Reached skill level 4 in Fighting
  2145 | D:2      | Reached XP level 5. HP: 23/42 MP: 6/6
  2286 | D:3      | Reached skill level 1 in Slings
  2317 | D:3      | Reached skill level 1 in Shields
  2405 | D:3      | Reached ** piety under Lugonu
  2742 | D:3      | Noticed an ogre
  2750 | D:3      | Mangled by an ogre

Vault maps used:
D:1:      nzn_arrival_depleted_hourglass, st_stairs_12
D:2:      yredelemnul_altar_generic, hangedman_feature_mirror
D:3:      first_ration, uniq_ijyb

Skill      XL: |  1  2  3  4  5 |
---------------+----------------+-----
Axes           | 3 |  3.8
Armour         | 3 |  3.2
Fighting       | 4 |  4.1
Slings         | 1 |  1.2
Shields        | 1 |  1.2
Dodging        | |  0.8
Invocations    | |  2.1

Action                   |  1- 3 |  4- 6 || total
-------------------------+-------+-------++-------
Melee: Hand axe          |    65 |    28 ||    93
 Fire: Hunting sling     |    20 |    77 ||    97
Invok: Depart the Abyss  |     1 |       ||     1
 Abil: Dig               |     2 |       ||     2
  Use: Potion            |       |     1 ||     1
  Eat: Chunk             |       |     6 ||     6
Armor: Leather armour    |     5 |       ||     5
       Scale mail        |    19 |    19 ||    38
Dodge: Dodged            |    60 |    16 ||    76
Block: Buckler           |       |     3 ||     3

Table legend:
 A = Non-vault XP
 B = Vault XP
 C = Vault XP percentage of total XP
 D = Non-vault monster count
 E = Vault monster count
 F = Vault count percentage of total count
                 A         B        C        D         E       F
            +---------+---------+-------+---------+---------+-------
      Total |     173 |      54 |  23.8 |      46 |       6 |  11.5
            +---------+---------+-------+---------+---------+-------
        D:1 |      56 |      11 |  16.4 |      22 |       3 |  12.0
        D:2 |      30 |      43 |  58.9 |      10 |       3 |  23.1
        D:3 |      87 |       0 |   0.0 |      14 |       0 |   0.0
            +---------+---------+-------+---------+---------+-------
